 Dungeon Crawl Stone Soup version 0.26.1-11-gd32895ea62 (webtiles) character file.

Game seed: 4366537925328264125

429 Zeld the Twirler (level 6, -2/39 HPs)
             Began as an Octopode Gladiator on May 21, 2021.
             Killed from afar by an orc wizard (9 damage)
             ... with a puff of frost
             ... on level 4 of the Dungeon.
             The game lasted 00:03:32 (4453 turns).

Zeld the Twirler (Octopode Gladiator)               Turns: 4453, Time: 00:03:33

Health: -2/39      AC:  1    Str: 14    XL:     6   Next: 98%
Magic:  6/6        EV: 14    Int: 10    God:
Gold:   319        SH:  0    Dex: 15    Spells: 5/5 levels left

rFire    . . .     SeeInvis .   a - +1 quarterstaff
rCold    . . .     Faith    .   (shield currently unavailable)
rNeg     . . .     Spirit   .   b - +0 hat
rPois    .         Reflect  .   (no amulet)
rElec    .         Harm     .   (no ring)
rCorr    .         Rampage  .   (no ring)
Will     .....                  (no ring)
Stlth    ++........             (no ring)
HPRegen  0.13/turn              (no ring)
MPRegen  0.10/turn              (no ring)
                                (no ring)
                                (no ring)

@: no status effects
A: almost no armour, stealthy swim, amphibious, 8 rings, constrict 8, camouflage
1, gelatinous body 1
a: no special abilities


You were on level 4 of the Dungeon.
You visited 1 branch of the dungeon, and saw 5 of its levels.

You collected 319 gold pieces.

Inventory:

Hand Weapons
 a - a +1 quarterstaff (weapon)
Missiles
 c - 3 throwing nets (quivered)
 r - 2 boomerangs
Armour
 b - a +0 hat (worn)
Jewellery
 i - an uncursed ring of resist corrosion {unknown}
 l - an uncursed amulet of magic regeneration {unknown}
 m - an uncursed amulet of magic regeneration {unknown}
Wands
 o - a wand of polymorph (11)
 t - a wand of acid (5)
 u - a wand of digging (6)
Scrolls
 d - 3 scrolls of fear
 e - a scroll of acquirement {unknown}
 h - a scroll of remove curse
 k - 5 scrolls of teleportation
 p - a scroll of enchant armour
Potions
 f - a potion of haste {unknown}
 g - 3 potions of flight
 j - 2 potions of heal wounds {unknown}
 n - 2 potions of attraction {unknown}
 q - 2 potions of curing {unknown}


   Skills:
 - Level 2.0 Fighting
 * Level 7.6 Staves
 - Level 2.0 Throwing
 - Level 3.0 Dodging


You had 5 spell levels left.
You didn't know any spells.
Your spell library contained the following spells:

 Spells                   Type           Power        Failure   Level
 Summon Small Mammal      Summ           0%           36%         1
 Call Imp                 Summ           0%           50%         2
 Call Canine Familiar     Summ           0%           75%         3
 Summon Guardian Golem    Hex/Summ       0%           75%         3
 Summon Ice Beast         Ice/Summ       0%           98%         4
 Summon Lightning Spire   Summ/Air       0%           98%         4


Dungeon Overview and Level Annotations

Branches:
Dungeon (5/15)
 Temple: D:4-7

Altars:
Nemelex Xobeh
Qazlal
Ru
Sif Muna
Zin
The Shining One

Shops:
D:5 *


Innate Abilities, Weirdness & Mutations

You cannot wear most types of armour.
You are very stealthy in the water. (Stealth+)
You are amphibious.
You can wear up to eight rings at the same time.
You can use your tentacles to constrict eight enemies at once.
Your skin changes colour to match your surroundings (Stealth+).
Your rubbery body absorbs attacks. (AC +1, EV +1)


Message History

a +0 club; a +0 scale mail; a leopard gecko corpse You hit the orc wizard.
You grab the orc wizard.
The orc wizard is lightly wounded.
You constrict the orc wizard.
The orc wizard hits you but does no damage.
The orc hits you with a +0 mace.
* * * LOW HITPOINT WARNING * * *
You release your grip on the orc wizard.
The orc wizard points at you and mumbles some strange words.
The magic dart hits you.
* * * LOW HITPOINT WARNING * * *
The orc closely misses you. The orc wizard completely misses you.
Things that are here:
a +0 club; a +0 scale mail; a leopard gecko corpse You sock the orc wizard!
You grab the orc wizard.
The orc wizard is severely wounded.
You constrict the orc wizard. The orc hits you but does no damage.
The orc wizard casts a spell at you. The puff of frost hits you!
You die...

#########
...........#
#..........#
#..........#
#..........# .
#..........# ... #
#...!......###.....
..+..........@o....>.
#.#..........#o#####.
####.#....)†...?#.#
...........######..
...........# ...
...........# ....
...........# .....
...........# ######
...........#


You could see an orc wizard and an orc.

Vanquished Creatures
  An ogre (D:5)
  An orc priest (D:5)
  A bullfrog skeleton (D:4)
  Natasha (thrice) (D:2)
  A worker ant (D:5)
  A worker ant zombie (D:5)
  8 adders
  A gnoll (D:1)
  An ufetubus (D:5)
  An adder skeleton (D:4)
  3 worms
  3 dart slugs
  A leopard gecko (D:4)
  4 orcs
  A giant cockroach (D:5)
  8 goblins
  8 hobgoblins
  9 jackals
  6 kobolds
  4 quokkas
  9 bats
  2 frilled lizards
  A jackal zombie (D:5)
  10 rats
88 creatures vanquished.

Notes
Turn   | Place    | Note
-------+----------+-------------------------------------------
     0 | D:1      | Zeld the Octopode Gladiator began the quest for the Orb.
     0 | D:1      | Reached XP level 1. HP: 14/14 MP: 1/1
   264 | D:1      | Reached XP level 2. HP: 19/19 MP: 2/2
   631 | D:1      | Reached skill level 4 in Staves
   688 | D:1      | Reached XP level 3. HP: 17/24 MP: 3/3
  1977 | D:2      | Found a shimmering blue altar of Sif Muna.
  1979 | D:2      | Found a sparkling altar of Nemelex Xobeh.
  1979 | D:2      | Found a glowing silver altar of Zin.
  1980 | D:2      | Found a glowing golden altar of the Shining One.
  1984 | D:2      | Found a stormy altar of Qazlal.
  2021 | D:2      | Noticed Natasha
  2023 | D:2      | Reached XP level 4. HP: 29/29 MP: 4/4
  2032 | D:2      | Killed Natasha
  2033 | D:2      | Reached skill level 5 in Staves
  2337 | D:2      | Noticed Natasha
  2360 | D:2      | Killed Natasha
  2361 | D:2      | Reached XP level 5. HP: 34/34 MP: 5/5
  2638 | D:2      | Noticed Natasha
  2644 | D:2      | Killed Natasha
  2939 | D:2      | Found a shimmering blue altar of Sif Muna.
  2940 | D:2      | Found a sparkling altar of Nemelex Xobeh.
  2941 | D:2      | Found a glowing silver altar of Zin.
  2942 | D:2      | Found a glowing golden altar of the Shining One.
  2946 | D:2      | Found a stormy altar of Qazlal.
  3214 | D:3      | Reached skill level 6 in Staves
  3313 | D:3      | Found a sacrificial altar of Ru.
  3660 | D:3      | You fall into a shaft and drop 2 floors!
  3660 | D:5      | Entered Level 5 of the Dungeon
  3660 | D:5      | Found Qeingat's Lightly-Used Armoury.
  3704 | D:5      | Reached XP level 6. HP: 26/39 MP: 6/6
  3930 | D:5      | Reached skill level 7 in Staves
  4453 | D:4      | Killed from afar by an orc wizard

Illustrated notes

Levels and vault maps discovered:
D:1:      mainiacjoe_arrival_reflecting_pool, layout_basic,
          minmay_misc_feat_hallway
D:2:      layout_basic, minitemple, uniq_natasha
D:3:      layout_rooms, nicolae_ru_sacrificial_ziggurat, serial_bayou_lake_a
D:4:      layout_basic, minmay_temple_entry_gardened_gates
D:5:      layout_basic, minmay_shop_damaged, nrook_mini_backslash,
          item_on_display_a

Skill      XL: |  1  2  3  4  5  6 |
---------------+-------------------+-----
Staves         | 4 5 6 7 |  7.6
Fighting       | |  2.0
Throwing       | |  2.0
Dodging        | |  3.0

Action                   |  1- 3 |  4- 6 || total
-------------------------+-------+-------++-------
Melee: Quarterstaff      |    58 |   120 ||   178
       Constrict         |    17 |    33 ||    50
       Tentacles         |    11 |    24 ||    35
  Use: Potion            |     1 |       ||     1
       Scroll            |       |     7 ||     7
 Stab: Sleeping          |     2 |     2 ||     4
Armor: Skin              |     8 |    10 ||    18
Dodge: Dodged            |    49 |    77 ||   126
